 Dungeon Crawl Stone Soup version 0.32-a0-427-g448f42529f (webtiles) character file.

Game seed: 5779584921013882558

10749 Gargoyl the Cleaver (level 11, -2/71 HPs)
             Began as a Gargoyle Berserker on Feb 22, 2024.
             Was a Priest of Trog.
             Slain by a black mamba (8 damage)
             ... on level 2 of the Lair of Beasts.
             The game lasted 00:11:23 (8149 turns).

Gargoyl the Cleaver (Gargoyle Berserker)            Turns: 8149, Time: 00:11:23

Health: -2/71      AC: 13    Str: 21    XL:     11   Next: 67%
Magic:  11/11      EV:  8    Int:  8    God:    Trog [***...]
Gold:   587        SH:  9    Dex: 13    Spells: 10/10 levels left

rFire   . . .        l - +4 war axe
rCold   . . .        A - +0 kite shield
rNeg    + . .        e - +1 chain mail
rPois   ∞            r - +1 helmet
rElec   +            k - +1 cloak
rCorr   .            (no gloves)
SInv    .            (no boots)
Will    +....        (no amulet) Stlth
                     f - ring of willpower
HPRegen 0.31/turn    (no ring)
MPRegen 0.12/turn

%: no passive effects
@: corroded, on berserk cooldown, slowed, very slow
A: sickness immunity, AC +8, negative energy resistance 1, electricity
resistance, torment resistance 1, petrification resistance
a: Renounce Religion, Berserk, Trog's Hand


You were on level 2 of the Lair of Beasts.
You worshipped Trog.
Trog was most pleased with you.
You visited 2 branches of the dungeon, and saw 11 of its levels.
You also visited: Ossuary.

You collected 587 gold pieces.

Inventory:

Hand Weapons
 l - a +4 war axe (weapon)
 s - a +1 war axe
 E - a +1 scimitar of flaming
Missiles
 j - 18 poisoned darts (quivered)
 v - 5 throwing nets
Armour
 e - a +1 chain mail (worn)
 k - a +1 cloak (worn)
 r - a +1 helmet (worn)
 A - a +0 kite shield (worn)
Jewellery
 f - a ring of willpower (left hand)
 D - a ring of ice
Wands
 w - a wand of roots (3)
Scrolls
 a - 2 scrolls of fear
 c - 4 scrolls of teleportation
 d - 3 scrolls of fog
 t - 3 scrolls of revelation
 u - 3 scrolls of blinking
 y - 2 scrolls of identify
 z - a scroll of vulnerability
 C - 4 scrolls of immolation
Potions
 b - 6 potions of lignification
 g - 2 potions of might
 h - 4 potions of heal wounds
 i - a potion of ambrosia
 m - 10 potions of curing
 n - 3 potions of enlightenment
 o - 3 potions of berserk rage
 p - 6 potions of brilliance {unknown}
 q - 2 potions of attraction {unknown}
 x - 2 potions of cancellation {unknown}


   Skills:
 + Level 9.5 Fighting
 + Level 12.2 Axes
 + Level 0.1 Throwing
 + Level 9.1 Armour
 + Level 3.6 Dodging
 + Level 0.9 Stealth
 + Level 4.0 Shields


You had 10 spell levels left.
You didn't know any spells.
Your spell library was empty.

Dungeon Overview and Level Annotations

Branches:
Dungeon (9/15)             Temple (0/1) D:4            Lair (2/5) D:9
Ossuary (visited)
  Swamp: Lair:2-3    Shoals: Lair:2-3     Snake: Lair:2-3    Spider: Lair:2-3
    Orc: D:9-12

Altars:
Ashenzari
Cheibriados
Dithmenos
Gozag
Kikubaaqudgha
Nemelex Xobeh
Sif Muna
Wu Jian
Xom

Annotations:
D:5 2 transporters, Drangen's ghost, novice GrEE


Innate Abilities, Weirdness & Mutations

You are immune to sickness and miasma.
Your stone body is resilient. (AC +8)
You are immune to poison.
You resist negative energy. (rN+)
You are resistant to electric shocks. (rElec)
You are resistant to unholy torment.
You are immune to petrification.


Message History

Your black bear blinks!
Throw: 20 darts (poison)
Press: ? - help, Q - select action, (/) - cycle Shift-Dir - straight line, f/p - Sonja
Aim: Sonja, wielding a +1 dagger of distortion, quivering curare-tipped darts and carrying a wand of acid (almost dead, ally target, 6% to hit)
You throw a poisoned dart. The poisoned dart closely misses Sonja.
Sonja zaps a wand.
The bolt of acid hits you!!
* * * LOW HITPOINT WARNING * * *
The acid corrodes you!
Sonja zaps a wand.
The bolt of acid misses you.
Throw: 19 darts (poison)
Press: ? - help, Q - select action, (/) - cycle Shift-Dir - straight line, f/p - Sonja
Aim: Sonja, wielding a +1 dagger of distortion, quivering curare-tipped darts and carrying a wand of acid (almost dead, ally target, 6% to hit)
You throw a poisoned dart. The poisoned dart closely misses Sonja.
Sonja throws a curare-tipped dart.
The curare-tipped dart hits you. You resist.
Your black bear barely misses Sonja.
Your black bear claws Sonja. x2
You hit Sonja.
You kill Sonja!
Trog accepts your kill.
Trog appreciates your killing of a magic user.
Your black bear is no longer covered in acid.
A black mamba comes into view.
The black mamba closely misses your black bear.
Your Shields skill increases to level 4!
The black mamba bites your black bear!
Your black bear dies!
Your black bear's corpse disappears in a puff of smoke!
The black mamba barely misses you. You block the black mamba's attack.
You miss the black mamba. The black mamba completely misses you.
The black mamba bites you.
* * * LOW HITPOINT WARNING * * *
You closely miss the black mamba. You block the black mamba's attack.
The black mamba closely misses you.
The black mamba bites you but does no damage.
You closely miss the black mamba.
The black mamba bites you but does no damage. x2
The black mamba bites you!
* * * LOW HITPOINT WARNING * * *
You closely miss the black mamba.
The black mamba bites you but does no damage.
The black mamba bites you!
You die...

### ##.######
#...<..P#
##.......#### ##
##.......@S..#..##
#...........)...(#
###..........>...#
##.......###.PP#
#.......### .P#
#........P# .#
#..............#
#..........##....
#..........# ...


You could see a black mamba.

Vanquished Creatures
  Erolcha (D:9)
  A two-headed ogre (D:9)
  Erica (D:9)
  Sonja (Lair:2)
  Amaemon (D:8)
  A black mamba (Lair:1)
  Maggie (D:8)
  Joseph (D:7)
  An orange demon (D:8)
  A cane toad (Lair:1)
  A rime drake (D:9)
  3 komodo dragons (Lair:1)
  A polar bear (D:9)
  Prince Ribbit (D:6)
  A shadow (D:9)
  3 yaks (D:9)
  4 water moccasins
  6 ice beasts
  A sky beast (D:8)
  2 orc warriors (D:9)
  2 black bears
  2 wolves (D:9)
  2 ogres (D:5)
  2 centaurs
  A phantom (D:7)
  A weeping skull (Ossuary)
  3 kobold brigands
  A scorpion (D:7)
  6 bullfrogs
  A burial acolyte (Ossuary)
  5 wights (D:8)
  3 killer bees (D:7)
  A bombardier beetle (D:5)
  A human zombie (Ossuary)
  A hound (D:6)
  A jelly (D:5)
  3 orc priests
  2 gnoll boudas
  An iguana (D:5)
  A sleepcap (D:6)
  Natasha (thrice) (D:3)
  8 orc wizards
  5 mummies (Ossuary)
  15 gnolls
  7 adders
  A shadow imp (D:5)
  A white imp (D:8)
  2 ufetubi (D:6)
  A ribbon worm (D:2)
  5 dart slugs
  23 orcs
  3 bats
  8 endoplasms
  4 giant cockroaches
  A gnoll zombie (Ossuary)
  12 goblins
  6 hobgoblins
  15 jackals
  3 quokkas
  5 ball pythons
  4 frilled lizards
  18 kobolds
  A kobold zombie (Ossuary)
  5 orc zombies (Ossuary)
  6 rats
235 creatures vanquished.

Vanquished Creatures (collateral kills)
  A gnoll sergeant (D:8)
  3 gnolls (D:8)
4 creatures vanquished.

Vanquished Creatures (others)
  An orc (D:9)
1 creature vanquished.

Grand Total: 240 creatures vanquished

Notes
Turn   | Place    | Note
-------+----------+-------------------------------------------
     0 | D:1      | Gargoyl the Gargoyle Berserker began the quest for the Orb.
     0 | D:1      | Reached XP level 1. HP: 14/14 MP: 1/1
    58 | D:1      | Reached XP level 2. HP: 19/19 MP: 2/2
    72 | D:1      | Reached skill level 3 in Axes
   133 | D:1      | Reached XP level 3. HP: 24/24 MP: 3/3
   169 | D:1      | Reached ** piety under Trog
   409 | D:1      | Reached XP level 4. HP: 29/29 MP: 4/4
   937 | D:2      | Reached skill level 4 in Axes
  1124 | D:2      | Found an opulent altar of Gozag.
  1481 | D:2      | Reached XP level 5. HP: 26/34 MP: 5/5
  1740 | D:3      | Reached *** piety under Trog
  1817 | D:3      | Noticed Natasha
  1829 | D:3      | Killed Natasha
  2030 | D:3      | Noticed Natasha
  2039 | D:3      | Killed Natasha
  2040 | D:3      | Reached XP level 6. HP: 37/39 MP: 6/6
  2096 | D:3      | Noticed Natasha
  2103 | D:3      | Killed Natasha
  2138 | D:3      | Found a shimmering altar of Xom.
  2192 | D:3      | Found a shadowy altar of Dithmenos.
  2395 | D:4      | Found a staircase to the Ecumenical Temple.
  2607 | D:4      | Found a shimmering blue altar of Sif Muna.
  2961 | D:5      | Entered Level 5 of the Dungeon
  2973 | D:5      | Reached skill level 5 in Axes
  3018 | D:5      | Noticed an ice beast
  3031 | D:5      | Killed an ice beast
  3031 | D:5      | Noticed an ice beast
  3032 | D:5      | Reached XP level 7. HP: 44/44 MP: 7/7
  3074 | D:5      | Reached skill level 5 in Fighting
  3169 | D:5      | Reached skill level 6 in Axes
  3209 | D:5      | Reached skill level 5 in Armour
  3209 | D:5      | Reached XP level 8. HP: 41/49 MP: 8/8
  3381 | D:5      | Found a transporter.
  3381 | D:5      | Noticed Drangen's ghost (novice GrEE)
  3388 | D:5      | Found a transporter.
  3605 | D:6      | Noticed Prince Ribbit
  3619 | D:6      | Reached skill level 7 in Axes
  3622 | D:6      | Killed Prince Ribbit
  3988 | D:6      | Reached skill level 8 in Axes
  3988 | D:6      | Reached XP level 9. HP: 52/55 MP: 9/9
  4094 | D:6      | Identified the +1 mace of the Hills {elec, rC+}
  4280 | D:7      | Noticed Joseph
  4299 | D:7      | Killed Joseph
  4358 | D:7      | Found a snail-covered altar of Cheibriados.
  4434 | D:7      | Found a sand-covered staircase.
  4438 | Ossuary  | Entered an ossuary
  4532 | Ossuary  | Reached skill level 9 in Axes
  5207 | D:7      | Reached **** piety under Trog
  5232 | D:7      | Found an opulent altar of Gozag.
  5233 | D:7      | Found an ancient bone altar of Kikubaaqudgha.
  5236 | D:7      | Found a broken altar of Ashenzari.
  5649 | D:8      | Noticed Amaemon
  5652 | D:8      | Noticed an orange demon
  5674 | D:8      | Killed Amaemon
  5675 | D:8      | Reached skill level 10 in Axes
  5675 | D:8      | Reached XP level 10. HP: 19/63 MP: 10/10
  5675 | D:8      | Found a sparkling altar of Nemelex Xobeh.
  5676 | D:8      | Killed an orange demon
  5711 | D:8      | HP: 3/63 [centaur/arrow (6)]
  5873 | D:8      | Found an ornate altar of the Wu Jian Council.
  5980 | D:8      | Noticed Maggie
  5991 | D:8      | Killed Maggie
  6277 | D:9      | Noticed Erica
  6294 | D:9      | Killed Erica
  6295 | D:9      | Reached skill level 1 in Shields
  6381 | D:9      | Noticed Erolcha
  6395 | D:9      | Killed Erolcha
  6396 | D:9      | Reached skill level 11 in Axes
  6465 | D:9      | Reached XP level 11. HP: 47/69 MP: 11/11
  6710 | D:9      | Noticed a two-headed ogre
  6718 | D:9      | Killed a two-headed ogre
  6746 | D:9      | Found a staircase to the Lair.
  7111 | Lair:1   | Entered Level 1 of the Lair of Beasts
  7373 | Lair:1   | Identified the +1 robe of Feasting {rPois Will- Str+6
                  | Dex-5}
  7474 | Lair:1   | Identified the +12 hand axe of Dismemberment {holy, +Blink
                  | rPois Int+2 Dex+3}
  7523 | Lair:1   | Reached skill level 12 in Axes
  7798 | Lair:2   | Noticed Sonja
  8143 | Lair:2   | Killed Sonja
  8149 | Lair:2   | Slain by a black mamba

Illustrated notes

Levels and vault maps discovered:
D:1:      amcnicky_arrival_single_pillar, layout_loops_cross,
          chequers_arboretum, minmay_pentomino_w4
D:2:      layout_rooms, basic_altar
D:3:      layout_loops_cross, mainiacjoe_overflow_surrounded_room,
          nicolae_dithmenos_the_darkroom, corner_web_ring, uniq_natasha
D:4:      layout_loops_ring, kennysheep_little_box, temple_doors_e, st_stairs_13
D:5:      layout_rooms, gammafunk_ghost_arena
D:6:      layout_basic, uniq_prince_ribbit1
D:7:      layout_loops_ring, nicolae_overflow_hidden_temple,
          gammafunk_temple_overflow_forgotten, nicolae_ossuary_entry_plus,
          uniq_joseph
D:8:      layout_basic, mainiacjoe_overflow_alcove_2,
          nicolae_overflow_crystal_walls, uniq_amaemon, uniq_maggie
D:9:      layout_rooms, hellmonk_lair_entry_icy, uniq_erolcha, uniq_erica
Lair:1:   layout_roguey
Lair:2:   mu_elephants_graveyard, layout_gridlike, minmay_shoals_entry_centaurs,
          minmay_snake_entry_six_corridors, basic_altar, uniq_sonja

Skill      XL: |  1  2  3  4  5  6  7  8  9 10 11 |
---------------+----------------------------------+-----
Axes           | 3 4 5 6 8 10 11 12 | 12.2
Fighting       | 4 5 6 7 8 9 |  9.5
Dodging        | 2 3 |  3.6
Armour         | 3 5 7 8 9 |  9.1
Shields        | 2 4 |  4.0
Throwing       | |  0.1
Stealth        | |  0.9

Action                     |  1- 3 |  4- 6 |  7- 9 | 10-12 || total
---------------------------+-------+-------+-------+-------++-------
  Melee: Hand axe          |    70 |   145 |       |       ||   215
         War axe           |       |   104 |   340 |   290 ||   734
  Throw: Dart              |       |       |       |     3 ||     3
 Invoke: Berserk           |       |     2 |     7 |     6 ||    15
         Trog's Hand       |       |     1 |     6 |     6 ||    13
         Brothers in Arms  |       |       |     1 |     1 ||     2
    Use: Scroll            |       |     9 |     6 |     4 ||    19
         Potion            |       |       |       |     1 ||     1
 Armour: Animal skin       |    13 |       |       |       ||    13
         Chain mail        |    42 |   240 |   397 |   245 ||   924
  Dodge: Dodged            |    42 |   131 |   196 |    96 ||   465
  Block: Kite shield       |       |       |       |   114 ||   114

Table legend: (Time is in decaauts)
 A = Elapsed time spent in this place.
 B = Non-inter-level travel time spent in this place.
 C = Inter-level travel time spent in this place.
 D = Time resting spent in this place.
 E = Time spent auto-exploring this place.
 F = Levels seen in this place.
 G = Mean time per level.
                   A        B        C        D        E       F      G
               +--------+--------+--------+--------+--------+-----+--------+
         Total |   8381 |   8151 |    230 |    672 |   5103 |  12 |  698.4 |
       Dungeon |   7066 |   6855 |    211 |    368 |   4513 |   9 |  785.1 |
          Lair |   1054 |   1036 |     18 |    302 |    506 |   2 |  527.0 |
       Ossuary |    260 |    260 |      0 |      2 |     84 |   1 |  260.0 |
               +--------+--------+--------+--------+--------+-----+--------+

Top non-repeatable levels by time:
     D:7: 1094 daAuts
  Lair:1: 1001 daAuts
     D:9: 883 daAuts
     D:1: 827 daAuts
     D:3: 783 daAuts
     D:2: 733 daAuts
     D:8: 724 daAuts
     D:4: 707 daAuts
     D:6: 699 daAuts
     D:5: 612 daAuts
 Ossuary: 260 daAuts
  Lair:2: 53 daAuts
